 Dungeon Crawl Stone Soup version 0.16.1-30-g34a7ffa (webtiles) character file.

1225 Murd0ck the Sneak (level 8, -1/46 HPs)
             Began as an Octopode Wizard on June 14, 2015.
             Was an Initiate of Vehumet.
             Slain by a killer bee zombie (7 damage)
             ... on level 6 of the Dungeon.
             The game lasted 00:24:21 (6393 turns).

Murd0ck the Sneak (Octopode Wizard)                 Turns: 6393, Time: 00:24:21

Health: -1/46      AC:  1    Str:  6    XL:     8   Next: 47%
Magic:  9/20       EV: 14    Int: 27    God:    Vehumet [......]
Gold:   347        SH:  0    Dex: 11    Spells: 5 memorised, 7 levels left

rFire  . . .     SeeInvis .     x - +5 hand axe of the Stars {flame, Int+5}
rCold  . . .     Clarity  .     (no shield)
rNeg   . . .     SustAb   .     b - +0 hat
rPois  +         Gourm    .     (no amulet)
rElec  .         Spirit   .     l - ring of flight
rCorr  .         Warding  .     r - ring of poison resistance
rMut   .         Stasis   .     (no ring)
MR     .....                    (no ring)
Stlth  +++++.....               (no ring)
                                (no ring)
                                (no ring)
                                (no ring)

@: not resistant to hostile enchantments, quite stealthy
A: almost no armour, amphibious, 8 rings, constrict 8, camouflage 1, gelatinous
body 1
a: Renounce Religion, Evoke Flight


You were on level 6 of the Dungeon.
You worshipped Vehumet.
Vehumet was noncommittal.
You were not hungry.

You visited 2 branches of the dungeon, and saw 7 of its levels.

You collected 347 gold pieces.

Inventory:

Hand weapons
 g - a +0 flail
 j - a +0 dagger
 x - the +5 hand axe of the Stars (weapon) {flame, Int+5}
   (You found it on level 4 of the Dungeon)

   It has been specially enchanted to burn those struck by it, causing extra
   injury to most foes and up to half again as much damage against particularly
   susceptible opponents.
   Big, fiery blades are also staple armaments of hydra-hunters.
   It affects your intelligence (+5).
 B - a +0 mace of protection
Armour
 b - a +0 hat (worn)
Jewellery
 l - a ring of flight (left tentacle)
 r - a ring of poison resistance (right tentacle)
Magical devices
 D - a wand of enslavement (15)
 F - a wand of frost (26)
Scrolls
 i - a scroll of magic mapping
 o - a scroll of noise {unknown}
 s - 3 scrolls of amnesia {unknown}
 u - a scroll of teleportation
 v - a scroll of blinking {unknown}
 w - a scroll of remove curse
 y - a scroll of enchant armour {unknown}
Potions
 a - 2 potions of might
 h - 3 potions of magic {unknown}
 k - 2 potions of cure mutation
 m - 3 potions of brilliance {unknown}
 p - a potion of restore abilities {unknown}
 q - a potion of curing
 t - a potion of poison {unknown}
 z - a potion of agility {unknown}
 C - a potion of mutation {unknown}
Books
 c - a book of Minor Magic

   Spells                             Type                      Level
   a - Magic Dart                     Conjuration                  1
   b - Blink                          Translocation                2
   c - Call Imp                       Summoning                    2
   d - Repel Missiles                 Charms/Air                   2
   e - Slow                           Hexes                        2
   f - Conjure Flame                  Conjuration/Fire             3
   g - Mephitic Cloud                 Conjuration/Poison/Air       3
 e - a book of Air

   Spells                             Type                      Level
   a - Shock                          Conjuration/Air              1
   b - Swiftness                      Charms/Air                   2
   c - Repel Missiles                 Charms/Air                   2
   d - Flight                         Charms/Air                   3
   e - Static Discharge               Conjuration/Air              3
   f - Lightning Bolt                 Conjuration/Air              5
 A - a Young Poisoner's Handbook

   Spells                             Type                      Level
   a - Sting                          Conjuration/Poison           1
   b - Cure Poison                    Poison                       2
   c - Mephitic Cloud                 Conjuration/Poison/Air       3
   d - Olgreb's Toxic Radiance        Poison                       4
   e - Venom Bolt                     Conjuration/Poison           5
Comestibles
 d - 5 bread rations
 f - a meat ration
 n - 2 beef jerkies
 E - a chunk of flesh
 G - 3 fruits


   Skills:
 + Level 5.1 Dodging
 + Level 7.4 Stealth
 + Level 5.7 Spellcasting
 + Level 4.6 Conjurations
   Level 1.0 Summonings
 - Level 1.0 Translocations


You had 7 spell levels left.
You knew the following spells:

 Your Spells              Type           Power        Failure   Level  Hunger
a - Magic Dart            Conj           ####         1%          1    None
b - Blink                 Tloc           N/A          10%         2    None
c - Conjure Flame         Conj/Fire      ###.....     10%         3    None
d - Mephitic Cloud        Conj/Pois/Air  ###.....     14%         3    None
e - Swiftness             Chrm/Air       #.......     12%         2    None


Dungeon Overview and Level Annotations

Branches:
Dungeon (6/15)             Temple (1/1) D:4

Altars:
Ashenzari
Dithmenos
Gozag
Ru
Trog
Vehumet
The Shining One


Innate Abilities, Weirdness & Mutations

You cannot wear most types of armour.
You are amphibious.
You can wear up to eight rings at the same time.
You can use your tentacles to constrict many enemies at once.
Your skin changes colour to match your surroundings (Stealth).
Your rubbery body absorbs attacks (AC +1).


Message History

The centaur laughs crazily.
The killer bee zombie barely misses you.
Casting: Magic Dart
Confirm with . or Enter, or press ? or * to list all spells.
Aiming: Magic Dart
Press: ? - help, Shift-Dir - straight line, f/p - centaur
Aim: a centaur, wielding a shortbow (almost dead, bewildered and confused)
The magic dart hits the centaur.
The centaur is almost dead.
The killer bee zombie hits you!
* * * LOW HITPOINT WARNING * * *
The killer bee zombie closely misses you.
Casting: Magic Dart
Confirm with . or Enter, or press ? or * to list all spells.
You blink.
You hit the centaur. You burn the centaur.
You kill the centaur!
Vehumet accepts your kill. The killer bee zombie hits you!
You die...

##### ##...## . #
###....)## .....
###........# .....
#....####..## ##......
#...## ##..#####.......#
#..## ##....@)......# #..#
#.....Z......# #..#####
##...........###
#......#####.....ยง.....>.#
#........##...............
#..####......#########.##
#### ##....## ##....#
#...>.##


You could see a killer bee zombie.

Vanquished Creatures
  Eustachio (D:5)
  The ghost of sscrono2 the Sneak, an average OpAs (D:4)
  An ice beast (D:5)
  A centaur (D:6)
  A necrophage (D:5)
  An ogre (D:4)
  Sigmund (D:5)
  2 crimson imps (D:5)
  2 hounds (D:4)
  An orc priest (D:6)
  2 orc wizards
  2 giant frog skeletons
  2 worker ants
  A hound zombie (D:4)
  3 worker ant zombies
  2 gnolls
  3 adders
  A shadow imp (D:5)
  2 worms
  2 adder skeletons (D:4)
  2 adder zombies
  An ooze (D:3)
  16 orcs
  A bat skeleton (D:5)
  4 bat zombies (D:4)
  9 giant cockroaches
  4 hobgoblins
  10 jackals
  5 quokkas
  15 bats
  A giant cockroach zombie (D:4)
  4 giant geckos
  A giant gecko skeleton (D:4)
  A giant gecko zombie (D:4)
  5 giant newts
  8 goblins
  A jackal zombie (D:4)
  8 kobolds
  2 quokka zombies
  8 rats
138 creatures vanquished.

Vanquished Creatures (others)
  An orc priest (D:5)
1 creature vanquished.

Grand Total: 139 creatures vanquished

Notes
Turn   | Place    | Note
--------------------------------------------------------------
     0 | D:1      | Murd0ck, the Octopode Wizard, began the quest for the Orb.
     0 | D:1      | Reached XP level 1. HP: 11/11 MP: 4/4
   376 | D:1      | Reached XP level 2. HP: 13/17 MP: 0/6
   854 | D:1      | Reached XP level 3. HP: 21/21 MP: 0/8
  1512 | D:2      | Found a sacrificial altar of Ru.
  1838 | D:2      | Reached XP level 4. HP: 27/27 MP: 10/10
  1846 | D:2      | Learned a level 2 spell: Blink
  1850 | D:2      | Learned a level 3 spell: Conjure Flame
  1854 | D:2      | Learned a level 3 spell: Mephitic Cloud
  2693 | D:3      | Reached skill level 4 in Stealth
  2921 | D:3      | Found a shadowy altar of Dithmenos.
  3062 | D:3      | Found a glowing golden altar of the Shining One.
  3508 | D:4      | Reached XP level 5. HP: 26/31 MP: 12/12
  3510 | D:4      | Noticed sscrono2's ghost (average OpAs)
  3527 | D:4      | Killed sscrono2's ghost
  3527 | D:4      | Reached XP level 6. HP: 23/36 MP: 6/15
  3560 | D:4      | Reached skill level 5 in Stealth
  3623 | D:4      | Got a crude hand axe
  3624 | D:4      | Identified the +5 hand axe of the Stars {flame, Int+5} (You found it on level 4 of the Dungeon)
  3865 | D:4      | Noticed an ogre
  3867 | D:4      | Found a staircase to the Ecumenical Temple.
  3876 | D:4      | Killed an ogre
  4035 | D:4      | Reached XP level 7. HP: 23/41 MP: 18/18
  4356 | D:5      | Entered Level 5 of the Dungeon
  4415 | D:5      | Found an opulent altar of Gozag.
  4650 | D:5      | HP: 2/41 [ice beast (13)]
  4655 | D:5      | Reached skill level 6 in Stealth
  4655 | D:5      | Reached skill level 5 in Spellcasting
  5178 | D:5      | Learned a level 2 spell: Swiftness
  5523 | D:5      | Noticed Eustachio
  5538 | D:5      | Killed Eustachio
  5538 | D:5      | Reached XP level 8. HP: 46/46 MP: 6/20
  5610 | D:5      | Noticed Sigmund
  5714 | Temple   | Entered the Ecumenical Temple
  5723 | Temple   | Became a worshipper of Vehumet
  5878 | D:5      | Reached skill level 7 in Stealth
  6115 | D:5      | Killed Sigmund
  6286 | D:6      | Reached skill level 5 in Dodging
  6393 | D:6      | Slain by a killer bee zombie

Action                   |  1- 3 |  4- 6 |  7- 9 || total
-------------------------+-------+-------+-------++-------
Melee: Unarmed           |    23 |       |       ||    23
       Dagger            |    21 |    32 |       ||    53
       Hand axe          |       |    33 |    55 ||    88
 Cast: Magic Dart        |    71 |    86 |    98 ||   255
       Conjure Flame     |       |     4 |     2 ||     6
       Mephitic Cloud    |       |     1 |     6 ||     7
       Blink             |       |       |     1 ||     1
  Use: Scroll            |     3 |     4 |     1 ||     8
       Potion            |       |       |     2 ||     2
 Stab: Sleeping          |     2 |    13 |     9 ||    24
  Eat: Chunk             |     2 |     7 |     8 ||    17
